AoeStats
← Cami Fer

Black Forest

510438453Analyzed
3v3 RM · 3d ago on Oct 1, 2026· 90m 18s· 6 players
Game mode
Random Map
Map size
Normal (6 player)
Population
200
Speed
Normal
Resources
Standard
Victory
Conquest
Starting age
Dark Age
Ending age
Imperial Age
RankedLock teamsTeams togetherTeam positionsShared explorationLock speedFull tech treeHidden civsTurbo modeCheats
Victory
Defeat
🇲🇽 Byzantines · Mexico
450
+21
🇦🇷 Persians · Argentina
439
+21
🇺🇸 Cumans · United States
408
+22
🇨🇱 Khmer · Chile
584
-23
🇨🇱 Mongols · Chile
549
-21
🇦🇷 Persians · Argentina
521
-20
cPhoenix78
2:13 Loom
20:17 Feudal Age
21:03 Double-Bit Axe
21:04 Horse Collar
27:47 Gold Mining
27:50 Stone Mining
28:53 Wheelbarrow
28:59 Wheelbarrow
30:41 Castle Age
29:51 Padded Archer Armor
29:43 Fletching
30:23 Forging
30:17 Scale Mail Armor
29:51 Man-at-Arms
30:19 Arson
30:46 Scale Barding Armor
34:32 Gold Shaft Mining
34:35 Stone Shaft Mining
34:57 Bow Saw
36:09 Heavy Plow
36:52 Chain Barding Armor
36:50 Chain Mail Armor
37:02 Caravan
38:18 Fervor
38:16 Thumb Ring
38:14 Squires
38:02 Gambesons
38:00 Elite Skirmisher
38:55 Treadmill Crane
42:16 Imperial Age
40:05 Hand Cart
39:34 Pikeman
39:37 Long Swordsman
39:41 Crossbowman
40:54 Murder Holes
41:11 Fortified Wall
40:52 Guard Tower
41:23 Ballistics
42:18 Leather Archer Armor
42:03 Bodkin Arrow
42:52 Iron Casting
42:20 Heavy Cavalry Archer
42:37 Two-Handed Swordsman
43:55 Conscription
44:41 Chemistry
43:27 Arrowslits
44:18 Keep
43:23 Capped Ram
44:38 Ring Archer Armor
44:32 Bracer
45:09 Guilds
45:51 Plate Barding Armor
46:09 Plate Mail Armor
46:47 Bombard Tower
47:21 Hoardings
47:01 Arbalester
48:26 Husbandry
49:56 Block Printing
50:11 Sanctity
49:16 Elite Cataphract
49:19 Cavalier
49:22 Light Cavalry
49:27 Halberdier
49:33 Elite Varangian Guard
50:05 Onager
50:44 Champion
52:52 Logistica
52:59 Greek Fire
53:24 Siege Ram
56:06 Illumination
55:42 Devotion
55:43 Atonement
56:34 Redemption
57:01 Theocracy
64:08 Hussar
66:12 Crop Rotation
66:48 Two-Man Saw
65:13 Paladin
78:59 Faith
79:00 Heresy
78:05 Heavy Camel Rider
79:31 Coinage
IKE
11:26 Feudal Age
13:11 Horse Collar
23:29 Castle Age
24:08 Gold Mining
24:08 Stone Mining
24:10 Double-Bit Axe
26:42 Bow Saw
27:11 Gold Shaft Mining
26:40 Heavy Plow
26:47 Caravan
32:41 Imperial Age
32:47 Wheelbarrow
34:06 Elite Steppe Lancer
34:07 Cavalier
34:08 Light Cavalry
34:59 Bloodlines
34:12 Man-at-Arms
34:13 Pikeman
34:39 Arson
34:55 Squires
36:56 Chemistry
36:16 Ballistics
36:38 Steppe Husbandry
38:30 Scale Barding Armor
38:37 Forging
38:27 Scale Mail Armor
38:28 Padded Archer Armor
38:18 Fletching
38:24 Elite Kipchak
40:05 Paladin
40:31 Halberdier
40:32 Long Swordsman
43:21 Thumb Ring
42:38 Elite Skirmisher
44:04 Iron Casting
46:31 Cuman Mercenaries
47:56 Two-Man Saw
47:32 Crop Rotation
71:12 Chain Barding Armor
71:07 Chain Mail Armor
71:53 Blast Furnace
71:09 Leather Archer Armor
70:49 Bodkin Arrow
71:19 Hand Cart
70:51 Loom
70:52 Town Watch
76:43 Plate Barding Armor
76:39 Plate Mail Armor
76:41 Ring Archer Armor
76:18 Town Patrol
Daraco
0:27 Loom
13:19 Feudal Age
22:46 Castle Age
21:10 Horse Collar
22:47 Double-Bit Axe
35:41 Imperial Age
37:39 Heavy Plow
37:50 Bow Saw
37:33 Gold Mining
37:34 Stone Mining
39:59 Crop Rotation
40:34 Two-Man Saw
40:16 Wheelbarrow
39:27 Town Watch
40:20 Kamandaran
40:57 Thumb Ring
40:13 Crossbowman
41:32 Hand Cart
42:50 Chemistry
42:01 Masonry
42:13 Ballistics
43:55 Conscription
44:21 Caravan
45:05 Gold Shaft Mining
45:06 Stone Shaft Mining
45:00 Elite War Elephant
46:52 Town Patrol
47:02 Scale Barding Armor
46:58 Padded Archer Armor
46:49 Fletching
47:09 Forging
47:32 Architecture
51:21 Chain Barding Armor
51:47 Leather Archer Armor
52:08 Iron Casting
52:52 Plate Barding Armor
55:22 Onager
67:44 Ring Archer Armor
67:15 Bodkin Arrow
79:32 Scale Mail Armor
84:48 Chain Mail Armor
85:34 Blast Furnace
88:14 Heated Shot
88:15 Guard Tower
88:30 Siphons
88:36 Clinker Construction
88:37 Careening
88:23 Murder Holes
87:53 Cavalier
88:33 Husbandry
88:44 Bloodlines
87:55 Light Cavalry
87:56 Heavy Camel Rider
87:58 Man-at-Arms
87:58 Pikeman
88:24 Gambesons
88:39 Squires
88:25 Arson
Cami Fer
0:29 Loom
11:47 Feudal Age
13:35 Wheelbarrow
13:06 Horse Collar
17:58 Double-Bit Axe
26:39 Castle Age
27:09 Gold Mining
27:16 Stone Mining
27:18 Town Watch
29:07 Bow Saw
30:18 Heavy Plow
31:19 Caravan
32:26 Hand Cart
38:31 Imperial Age
37:42 Stone Shaft Mining
37:47 Gold Shaft Mining
40:24 Crop Rotation
41:06 Chemistry
40:02 Murder Holes
40:18 Masonry
40:29 Ballistics
40:19 Fortified Wall
40:30 Husbandry
39:51 Cavalier
43:07 Forging
42:58 Scale Mail Armor
43:04 Scale Barding Armor
43:00 Padded Archer Armor
42:51 Fletching
43:07 Town Patrol
43:05 Capped Ram
45:24 Iron Casting
45:04 Chain Mail Armor
45:22 Architecture
45:42 Conscription
46:40 Double Crossbow
48:58 Blast Furnace
48:19 Chain Barding Armor
49:05 Tusk Swords
49:25 Elite Battle Elephant
50:39 Leather Archer Armor
50:21 Bodkin Arrow
50:20 Guard Tower
50:44 Siege Engineers
51:33 Heavy Scorpion
52:51 Elite Ballista Elephant
54:33 Siege Ram
57:47 Pikeman
59:07 Onager
63:45 Light Cavalry
64:43 Halberdier
66:32 Plate Barding Armor
66:28 Ring Archer Armor
68:21 Man-at-Arms
73:22 Long Swordsman
74:17 Two-Handed Swordsman
80:02 Elite Skirmisher
82:49 Hoardings
85:17 Bloodlines
RoberDS1985
14:52 Feudal Age
15:53 Double-Bit Axe
22:00 Horse Collar
25:06 Castle Age
25:25 Gold Mining
26:33 Wheelbarrow
27:12 Bow Saw
30:01 Crossbowman
30:47 Heavy Plow
33:06 Gold Shaft Mining
32:52 Caravan
33:02 Scale Mail Armor
33:13 Forging
34:05 Man-at-Arms
35:34 Elite Skirmisher
35:41 Long Swordsman
36:42 Chain Mail Armor
36:18 Fletching
37:10 Hand Cart
39:15 Stone Mining
42:58 Imperial Age
41:28 Masonry
41:39 Ballistics
41:36 Padded Archer Armor
41:44 Scale Barding Armor
45:06 Citadels
46:57 Chain Barding Armor
47:08 Plate Mail Armor
48:46 Two-Man Saw
49:17 Chemistry
48:10 Heated Shot
48:08 Cavalier
49:35 Leather Archer Armor
53:57 Elite War Elephant
64:50 Savar
Sebasstt
0:40 Loom
13:43 Feudal Age
14:17 Double-Bit Axe
14:16 Horse Collar
20:43 Wheelbarrow
20:00 Gold Mining
23:40 Castle Age
25:20 Bow Saw
26:00 Town Watch
26:46 Bloodlines
26:36 Husbandry
25:57 Light Cavalry
28:18 Fletching
30:11 Thumb Ring
29:27 Crossbowman
31:45 Heavy Plow
36:52 Imperial Age
36:00 Hand Cart
35:58 Bodkin Arrow
36:30 Caravan
38:59 Gold Shaft Mining
38:14 Stone Mining
39:27 Fortified Wall
39:33 Capped Ram
41:30 Conscription
41:37 Town Patrol
42:13 Forging
42:05 Padded Archer Armor
43:00 Hussar
43:01 Heavy Camel Rider
45:05 Hoardings
44:33 Bracer
44:59 Pikeman
45:40 Squires
46:48 Atonement
46:58 Fervor
46:49 Devotion
48:03 Arbalester
48:05 Elite Skirmisher
48:08 Heavy Cavalry Archer
49:15 Parthian Tactics
49:29 Iron Casting
48:41 Heavy Scorpion
50:09 Drill
50:17 Elite Mangudai
52:13 Onager
69:51 Siege Ram
Connection lost

Rejoining the realm…

Still unreachable

The connection could not be restored.

Session expired

The server has moved on; the page needs a fresh start.